AoeStats
← CNZS_carlar

Nomad

510580806Analyzed
4v4 RM · 1d ago on Oct 1, 2026· 18m 50s· 8 players
Game mode
Random Map
Map size
231×231
Population
200
Speed
Normal
Resources
Standard
Victory
Conquest
Starting age
Dark Age
Ending age
Imperial Age
RankedLock teamsTeams togetherTeam positionsShared explorationLock speedFull tech treeHidden civsTurbo modeCheats
Victory
Defeat
🇨🇳 Italians · China
1145
+15
🇵🇪 Persians · Peru
1078
+18
🇨🇳 Huns · China
1077
+18
🇹🇼 Danes · Taiwan
1063
+18
🇩🇪 Spanish · Germany
1146
-18
🇵🇱 Italians · Poland
1133
-18
🇧🇾 Georgians · Belarus
1115
-17
🇷🇺 Franks · Russia
1079
-16
Wospenzukh
12:28 Loom
14:43 Feudal Age
16:28 Fletching
16:26 Double-Bit Axe
kubeszek
5:58 Loom
15:57 Feudal Age
16:28 Double-Bit Axe
JoDutz
14:47 Feudal Age
13:03 Loom
Bladelord
10:32 Loom
Stardenburdenhardenbart
15:44 Feudal Age
16:24 Horse Collar
16:31 Double-Bit Axe
Strong
8:33 Loom
Hank饅頭
13:43 Feudal Age
15:28 Loom
15:36 Double-Bit Axe
18:02 Castle Age
15:56 Gold Mining
16:09 Arson
16:25 Fishing Lines
18:01 Scale Mail Armor
18:11 Forging
CNZS_carlar
7:50 Loom
14:30 Feudal Age
18:33 Castle Age
16:48 Fishing Lines
17:01 Stone Mining
Connection lost

Rejoining the realm…

Still unreachable

The connection could not be restored.

Session expired

The server has moved on; the page needs a fresh start.